 Dungeon Sprint DCSS version 0.17-a0-129-g9432df0 (webtiles) character file.

12 Ololoev the Cleaver (level 5, -9/45 HPs)
             Began as a Hill Orc Fighter on Mar 24, 2015.
             Was a Follower of Makhleb.
             Killed by an exploding giant spore (36 damage)
             ... in the Dungeon (Sprint VI: "Thunderdome").
             The game lasted 00:01:50 (144 turns).

Ololoev the Cleaver (Hill Orc Fighter)               Turns: 144, Time: 00:01:50

Health: -9/45      AC:  7    Str: 20    XL:     5   Next: 59%
Magic:  5/5        EV:  8    Int:  8    God:    Makhleb [*.....]
Gold:   220        SH:  0    Dex: 10    Spells: 0 memorised, 4 levels left

rFire  . . .     SeeInvis .     a - +0 war axe
rCold  . . .     Clarity  .     b - +0 scale mail
rNeg   . . .     SustAb   .     c - +0 shield
rPois  .         Gourm    .     (no helmet)
rElec  .         Spirit   .     (no cloak)
rCorr  .         Warding  .     (no gloves)
rMut   .         NoTele   +     (no boots)
MR     .....                    (no amulet)
Stlth  ..........               (no ring)
                                (no ring)

@: confused, not resistant to hostile enchantments, extremely unstealthy
A: no striking features
a: Renounce Religion


You were in the Dungeon.
You worshipped Makhleb.
Makhleb was aware of your devotion.
You were not hungry.

You visited 1 branch You collected 220 gold pieces.

Notes
Turn   | Place    | Note
--------------------------------------------------------------
     0 | D        | Ololoev, the Hill Orc Fighter, began the quest for the Orb.
     0 | D        | Reached XP level 1. HP: 19/19 MP: 1/1
     0 | D        | Found an ancient bone altar of Kikubaaqudgha.
     4 | D        | Found a blossoming altar of Fedhas.
     4 | D        | Found a shimmering altar of Xom.
     5 | D        | Found a glowing golden altar of the Shining One.
     5 | D        | Round 1.
     6 | D        | Found a snail-covered altar of Cheibriados.
     6 | D        | Found an iron altar of Okawaru.
     6 | D        | Found Strigoir's Weapon Rack.
     6 | D        | Found Plealouj's Basic Armour.
     7 | D        | Found a glowing silver altar of Zin.
     8 | D        | Found Voprun's Premium Goods.
     8 | D        | Found Caijaitu's Miscellaneous Merchandise.
    25 | D        | Found Jeacocha's Do-It-Yourself Clinic.
    26 | D        | Found Leits' Bottled Wisdom.
    27 | D        | Found an opulent altar of Gozag.
    29 | D        | Found a stormy altar of Qazlal.
    30 | D        | Found Prehem Bleotz's Distillery.
    30 | D        | Found a radiant altar of Vehumet.
    30 | D        | Found Frebaic's Distillery.
    30 | D        | Noticed Purgy
    32 | D        | Found a corrupted altar of Lugonu.
    33 | D        | Found a shadowy altar of Dithmenos.
    33 | D        | Found a sacrificial altar of Ru.
    39 | D        | Found a burning altar of Makhleb.
    40 | D        | Found a basalt altar of Yredelemnul.
    40 | D        | Found a viscous altar of Jiyva.
    42 | D        | Found Shrarin's Bee Food.
    42 | D        | Found Kleim's Magic Scroll Shop.
    42 | D        | Found Siag's Magic Scroll Shop.
    46 | D        | Found Josofoan's Must-Have Magic.
    47 | D        | Became a worshipper of Makhleb the Destroyer
    53 | D        | Killed Purgy
    53 | D        | Reached skill level 8 in Axes
    53 | D        | Reached skill level 5 in Armour
    53 | D        | Reached skill level 5 in Shields
    53 | D        | Reached XP level 2. HP: 15/26 MP: 2/2
    53 | D        | Reached XP level 3. HP: 17/31 MP: 3/3
    53 | D        | Reached XP level 4. HP: 21/39 MP: 4/4
    56 | D        | Noticed a porcupine
    65 | D        | Killed a porcupine
    65 | D        | Acquired Makhleb's first power
    65 | D        | Reached skill level 10 in Axes
    65 | D        | Reached XP level 5. HP: 16/45 MP: 5/5
    74 | D        | Found Gaidumoi's Jewellery.
    82 | D        | Arena points: 12 (+12) [x2]
   138 | D        | Round 2.
   141 | D        | Found Anwes' Advanced Armour.
   141 | D        | Found a bloodstained altar of Trog.
   141 | D        | Found a deep blue altar of Sif Muna.
   141 | D        | Found Tenynu Lyemi's Identification Station.
   144 | D        | Killed by an exploding giant spore

Inventory:

Hand weapons
 a - a +0 war axe (weapon)
Armour
 b - a +0 scale mail (worn)
 c - a +0 shield (worn)
Magical devices
 m - a wand of cold (2)
 n - a wand of fire (5)
Scrolls
 k - 4 scrolls of blinking
 o - 3 scrolls of fog
Potions
 e - a potion of might
 f - a potion of curing
 g - 4 potions of heal wounds
 h - 4 potions of haste
 i - 2 potions of magic
 j - a potion of berserk rage
 l - a potion of resistance
Comestibles
 d - a meat ration
 p - 3 chunks of flesh

Table legend:
 A = Turns spent in this place as a percentage of turns spent in the entire game.
 B = Non-inter-level travel turns spent in this place as a percentage of non-inter-level travel turns spent in the entire game.
 C = Inter-level travel turns spent in this place as a percentage of turns spent in this place.
 D = Turns resting spent in this place as a percentage of non-inter-level travel turns spent in this place.
 E = Turns spent auto-exploring this place as a percentage of non-inter-level travel turns spent in this place.
 F = Non-inter-level travel turns spent in this place divided by the number of levels of this place that you've seen.
                   A       B       C       D       E      F
               +-------+-------+-------+-------+-------+----------------------
         Total | 100.0 | 100.0 |   0.0 |   5.2 |   0.0 |  97.0
       Dungeon | 100.0 | 100.0 |   0.0 |   5.2 |   0.0 |  97.0
               +-------+-------+-------+-------+-------+----------------------


   Skills:
 - Level 3.6 Fighting
 * Level 10.4 Axes
 + Level 6.8 Armour
 + Level 6.8 Shields


You had 4 spell levels left.
You didn't know any spells.

Dungeon Overview and Level Annotations

Branches:
Dungeon (1/1)

Altars:
Cheibriados
Dithmenos
Fedhas
Gozag
Kikubaaqudgha
Makhleb
Okawaru
Qazlal
Ru
Sif Muna
Trog
Vehumet
Xom
Yredelemnul
Zin
The Shining One
Jiyva
Lugonu

Shops:
D *[%??*?*:[(!!!!


Message History

You feel a little better.
A quokka comes into view. 50...
A quokka is nearby!
Found Gaidumoi's Jewellery.
You see here a rat corpse.
You butcher the rat corpse.
Things that are here:
a chunk of flesh; a rat skeleton A quokka is nearby!
p - 3 chunks of flesh (gained 1)
You hit the quokka but do no damage. You block the quokka's attack.
You hit the quokka but do no damage. You block the quokka's attack.
You hit the quokka.
The quokka is moderately wounded.
You block the quokka's attack. The quokka bites you.
You barely miss the quokka.
The quokka is moderately wounded.
The quokka closely misses you.
You hit the quokka.
You kill the quokka!
Makhleb accepts your kill.
Victory!
Score multiplier: 2x You now have 12 arena points (gained 12).
You now have 220 gold pieces (gained 20).
You start resting.
Get ready!
You start resting.
ROUND 2!
FIGHT!
You sense a tension in the west.
A giant spore comes into view.
The giant spore waves its rhizomes.
Found Anwes' Advanced Armour and Tenynu Lyemi's Identification Station.
Found a bloodstained altar of Trog and a deep blue altar of Sif Muna.
The giant spore explodes!
The explosion of spores engulfs you!
You are confused.
Ouch! That really hurt!
You die...

#∩....... #........_#
#_......._# #_......._#
###÷........###
#⌠...........⌠#
######.8.........8.#
##∩._....÷..###......
#∩..@.....8.# #.8....
#.............###......
#P..........###...###...
#⌠..........# #.<.# #...
#⌠..........# #...###...
#.............###......
##∩........8. #.8....
##∩__.......###......
####.8.........8.#


There were no monsters in sight!

Table legend:
 A = Kills in this place as a percentage of kills in entire the game.
 B = Kills by you in this place as a percentage of kills by you in the entire game.
 C = Kills by friends in this place as a percentage of kills by friends in the entire game.
 D = Other kills in this place as a percentage of other kills in the entire game.
 E = Experience gained in this place as a percentage of experience gained in the entire game.
 F = Experience gained in this place divided by the number of levels of this place that you have seen.
                   A       B       C       D       E      F
               +-------+-------+-------+-------+-------+----------------------
         Total | 100.0 | 100.0 |  -nan |  -nan | 100.0 | 257.0
       Dungeon | 100.0 | 100.0 |  -nan |  -nan | 100.0 | 257.0
               +-------+-------+-------+-------+-------+----------------------

Vanquished Creatures
  Purgy (D)
  A porcupine (D)
  A quokka (D)
  2 rats (D)
5 creatures vanquished.

Action                   |  1- 3 |  4- 6 || total
-------------------------+-------+-------++-------
Melee: War axe           |     7 |    14 ||    21
Evoke: Wand              |     1 |     2 ||     3

Vault maps used:
D:        arena_sprint
